Map: Romanticide LE

Players

MaSa - Winner!

  • Race: Terran Terran
  • League: Master
  • Spawn Location: 11:00

Vindicta

  • Race: Terran Terran
  • League: Master
  • Spawn Location: 5:00

Event: DreamHack SC2 Masters 2020 Winter

VOD

Have the link to the VOD?

Description

Time

  • Played on: Oct. 13, 2020, 6:55 p.m.
  • Length: 15:48

All games in this series

Show
View Real Time Build Order
Export as new Build Order

MaSa Terran - Winner!

Build Orders: Gas First Reaper Expand 

Get SALT Encoding   

  12  0:00  SCV  
  13  0:12  SCV  
  14  0:17  Supply Depot  
  14  0:24  SCV  
  14  0:27  Refinery  
  15  0:38  SCV  
  16  0:47  Barracks  
  16  0:50  SCV  
  17  1:02  SCV  
  18  1:15  SCV  
  19  1:34  Reaper, Orbital Command  
  20  1:45  Command Center  
  20  1:56  Factory  
  20  2:00  SCV  
  21  2:04  Refinery  
  21  2:06  Barracks Reactor  
  21  2:12  SCV  
  22  2:16  Supply Depot  
  22  2:25  SCV  
  23  2:38  SCV  
  23  2:42  Starport  
  24  2:47  Hellion x2  
  24  2:48  Barracks Tech Lab  
  24  2:50  SCV  
  29  2:58  Orbital Command  
  29  3:03  SCV  
  29  3:15  SCV, Marine x2  
  29  3:17  Factory Tech Lab  
  32  3:26  SCV  
  33  3:27  SCV  
  33  3:29  Raven, Refinery  
  33  3:33  Marine x2  
  38  3:38  SCV  
  39  3:42  Cyclone  
  39  3:43  SCV  
  43  3:49  Supply Depot  
  43  3:50  SCV  
  43  3:53  Marine x2  
  46  4:06  Supply Depot  
  46  4:10  SCV x2  
  46  4:12  Raven  
  50  4:18  Supply Depot  
  50  4:22  SCV x2  
  52  4:27  Siege Tank  
  54  4:34  SCV x2  
  56  4:39  Command Center  
  54  4:47  SCV  
  55  4:57  SCV, Marine x2  
  55  4:59  Siege Tank  
  55  5:03  SCV  
  56  5:10  SCV  
  54  5:15  SCV  
  54  5:18  Barracks  
  54  5:20  Viking x2  
  59  5:21  Barracks  
  59  5:22  SCV  
  59  5:28  SCV  
  61  5:29  Marine  
  61  5:30  Stimpack  
  61  5:31  Siege Tank  
  61  5:34  SCV  
  65  5:40  SCV  
  66  5:46  SCV  
  66  5:47  Marine  
  68  5:51  Viking  
  70  6:01  SCV  
  70  6:06  Supply Depot  
  70  6:07  Engineering Bay  
  70  6:08  Engineering Bay  
  70  6:11  Barracks Reactor x2  
  70  6:19  Refinery  
  70  6:20  Supply Depot  
  70  6:23  Viking  
  70  6:24  SCV x2, Viking, Marine  
  77  6:28  Orbital Command  
  77  6:33  Siege Tank  
  77  6:36  SCV  
  81  6:42  Marine  
  81  6:43  Terran Infantry Weapons Level 1  
  81  6:44  SCV  
  83  6:48  SCV, Orbital Command, Terran Infantry Armor Level 1  
  83  6:49  Marine x3  
  83  6:51  Marine  
  87  6:56  SCV, Viking  
  87  7:00  SCV, Marine  
  92  7:07  Marine x2  
  94  7:10  SCV  
  94  7:12  SCV, Combat Shield  
  95  7:16  SCV, Marine x2  
  95  7:17  Marine  
  95  7:19  Medivac, Refinery  
  101  7:23  Refinery  
  101  7:25  Marine  
  101  7:27  SCV  
  101  7:30  Supply Depot  
  101  7:31  Supply Depot  
  101  7:32  SCV x2  
  101  7:40  SCV, Barracks  
  101  7:41  Barracks  
  101  7:44  SCV  
  103  7:49  SCV  
  103  7:51  Armory  
  104  7:52  SCV, Marine x5  
  108  8:05  SCV  
  109  8:08  SCV, Siege Tank  
  109  8:09  Marine  
  109  8:10  SCV, Medivac, Marine x3  
  120  8:19  Marine  
  121  8:21  Medivac  
  121  8:25  SCV  
  125  8:35  Supply Depot x2  
  125  8:43  SCV  
  125  8:44  Barracks Reactor x2  
  125  8:47  Terran Infantry Armor Level 2  
  125  8:49  Supply Depot  
  125  8:50  Supply Depot  
  125  8:51  Terran Infantry Weapons Level 2  
  125  8:56  SCV, Marine x4, Siege Tank  
  125  8:57  Marine  
  125  8:59  Sensor Tower  
  128  9:06  SCV  
  129  9:13  Medivac  
  129  9:14  Marine x4  
  129  9:15  Marine  
  133  9:24  Marine x2  
  123  9:27  Marine  
  123  9:28  Marine, Siege Tank  
  126  9:32  Marine x5  
  122  9:38  Medivac  
  122  9:42  Marine x2  
  121  9:45  Marine  
  121  9:46  Marine  
  121  9:49  Marine x2  
  125  9:53  Medivac  
  125  9:58  Terran Vehicle Weapons Level 1  
  126  10:00  SCV x2  
  126  10:01  SCV  
  126  10:04  Sensor Tower  
  129  10:12  SCV  
  126  10:15  Marine x3  
  126  10:16  Marine x6  
  118  10:25  Medivac x2  
  118  10:26  SCV  
  120  10:33  Marine x5  
  125  10:40  Marine x2  
  127  10:44  Marine x2  
  127  10:48  Command Center  
  129  10:51  Marine x5  
  129  10:52  Siege Tank  
  128  10:58  Marine x2  
  128  11:02  Marine x2  
  132  11:08  Terran Infantry Weapons Level 3, Terran Infantry Armor Level 3  
  132  11:09  SCV, Marine x2  
  132  11:10  SCV  
  126  11:11  Marine x2  
  126  11:13  SCV  
  125  11:19  Marine x4  
  125  11:20  Medivac  
  125  11:21  SCV  
  132  11:26  SCV x2  
  132  11:29  Marine x2  
  132  11:34  SCV  
  132  11:37  Marine x2  
  132  11:38  SCV  
  128  11:40  SCV  
  128  11:41  Marine x4  
  114  11:58  Medivac x2, Marine  
  114  11:59  Marine x2  
  113  12:05  SCV x2  
  113  12:06  SCV, Command Center  
  113  12:07  Marine  
  117  12:14  Terran Vehicle Weapons Level 2  
  117  12:17  SCV  
  117  12:22  Factory Reactor, Factory  
  118  12:24  Marine x4  
  118  12:27  Marine x2  
  118  12:29  SCV  
  125  12:31  SCV x2  
  127  12:37  Planetary Fortress  
  127  12:41  SCV  
  127  12:42  Sensor Tower  
  128  12:49  Marine x2  
  128  12:50  Marine x7  
  136  13:02  Supply Depot  
  136  13:05  Viking  
  136  13:06  Viking  
  136  13:07  Marine x8  
  136  13:11  SCV  
  149  13:13  Supply Depot  
  149  13:18  Siege Tank x2  
  149  13:19  Marine x2  
  157  13:25  Marine x8  
  164  13:37  Marine x2  
  164  13:40  Viking  
  166  13:43  Marine x8  
  174  13:50  Siege Tank  
  174  13:54  Marine x2  
  179  13:57  Command Center  
  179  13:58  Medivac  
  179  14:00  Marine, Sensor Tower  
  179  14:01  Marine x7  
  189  14:12  Marine x2  
  189  14:15  Medivac  
  190  14:19  Marine x5  
  195  14:24  Marine  
  195  14:26  Marine x2  
  195  14:28  Siege Tank  
  195  14:40  Medivac, Marine x3  
  195  14:41  Marine x4  
  195  14:42  Marine, Siege Tank  
  195  14:43  Planetary Fortress  
  195  14:45  Medivac  
  195  14:51  Marine  
  195  14:52  Marine  
  173  14:58  Marine x4  
  173  14:59  Marine x3  
  171  15:00  Marine, Siege Tank  
  175  15:09  Marine  
  175  15:10  Refinery, Orbital Command, Medivac  
  178  15:14  Siege Tank  
  178  15:15  Medivac  
  183  15:29  Marine x4  
Show
View Real Time Build Order
Export as new Build Order

Vindicta Terran 

Build Orders:  

Get SALT Encoding   

  12  0:00  SCV  
  13  0:12  SCV  
  14  0:16  Supply Depot  
  14  0:24  SCV  
  14  0:27  Refinery  
  15  0:38  SCV  
  16  0:44  Barracks  
  16  0:50  SCV  
  16  0:55  Refinery  
  17  1:02  SCV  
  18  1:14  SCV  
  19  1:30  Reaper  
  19  1:31  Orbital Command  
  20  1:41  Factory  
  20  1:50  Supply Depot  
  20  1:57  SCV  
  21  2:03  Reaper  
  22  2:09  SCV  
  23  2:21  SCV  
  23  2:25  Hellion  
  25  2:35  Barracks Reactor, Command Center  
  25  2:37  SCV  
  25  2:43  Supply Depot  
  26  2:47  Hellion  
  26  2:51  SCV  
  29  3:01  Starport  
  29  3:03  SCV  
  30  3:09  Factory Tech Lab  
  30  3:11  Marine  
  30  3:12  Marine  
  32  3:15  SCV  
  31  3:28  Siege Tank  
  31  3:29  Marine  
  31  3:30  Marine  
  36  3:38  Medivac  
  38  3:47  Orbital Command  
  38  3:49  SCV  
  38  3:51  Refinery  
  38  3:52  Marine  
  38  3:53  Marine  
  41  4:01  SCV  
  42  4:03  Cyclone  
  45  4:10  Marine  
  45  4:11  Marine  
  45  4:13  SCV  
  45  4:15  Starport Tech Lab  
  49  4:20  Supply Depot  
  49  4:21  SCV  
  49  4:28  Marine  
  49  4:29  Marine  
  51  4:37  Raven  
  53  4:43  Supply Depot  
  53  4:45  Marine  
  53  4:47  Marine  
  53  4:48  SCV  
  54  4:59  Siege Tank  
  52  5:05  SCV  
  52  5:07  Command Center  
  52  5:08  SCV  
  53  5:18  SCV  
  53  5:19  Marine x2  
  53  5:20  SCV  
  57  5:24  Supply Depot  
  57  5:25  Raven  
  59  5:30  SCV  
  59  5:32  Siege Tank  
  59  5:33  SCV  
  64  5:39  Marine x2  
  66  5:43  SCV  
  66  5:46  SCV  
  66  5:47  Supply Depot  
  68  5:55  SCV  
  69  5:59  Barracks x2  
  64  6:04  SCV  
  64  6:09  Siege Tank  
  68  6:13  SCV  
  68  6:18  Starport Reactor, Refinery  
  69  6:25  SCV  
  69  6:27  Orbital Command  
  69  6:30  SCV, Engineering Bay  
  69  6:31  Engineering Bay  
  71  6:35  Stimpack, Marine  
  71  6:38  SCV  
  73  6:42  SCV  
  73  6:45  Siege Tank  
  76  6:51  SCV, Orbital Command  
  76  6:53  Marine  
  78  6:55  Marine  
  78  7:00  Terran Infantry Weapons Level 1, Terran Infantry Armor Level 1  
  79  7:02  SCV, Starport Reactor  
  79  7:03  SCV, Marine  
  79  7:04  Sensor Tower  
  79  7:05  Marine  
  82  7:10  Marine  
  82  7:13  Marine x2  
  82  7:14  SCV  
  85  7:16  SCV  
  85  7:17  Siege Tank  
  85  7:20  Supply Depot  
  85  7:21  Marine  
  91  7:26  SCV  
  91  7:29  Barracks  
  90  7:30  Barracks  
  90  7:31  Marine x2  
  90  7:32  Marine  
  90  7:33  SCV  
  90  7:34  SCV  
  95  7:39  Medivac  
  95  7:40  SCV, Medivac  
  101  7:44  Supply Depot  
  101  7:45  SCV  
  101  7:47  Marine  
  101  7:50  SCV, Refinery  
  103  7:51  Refinery  
  103  7:52  Siege Tank  
  103  7:53  SCV, Marine  
  109  7:59  SCV  
  109  8:03  Armory, SCV  
  109  8:04  Marine  
  111  8:07  Supply Depot  
  111  8:10  Marine  
  111  8:11  SCV  
  111  8:12  Marine  
  112  8:13  SCV, Marine  
  112  8:18  SCV  
  115  8:21  Medivac x2  
  115  8:22  Barracks Reactor  
  115  8:23  Barracks Reactor  
  115  8:24  SCV, Supply Depot, Marine  
  115  8:25  Marine  
  120  8:28  Marine  
  120  8:32  Marine  
  120  8:34  SCV  
  120  8:35  SCV  
  120  8:40  Marine  
  122  8:51  SCV  
  122  8:52  SCV, Marine, Siege Tank  
  122  8:53  Marine  
  127  9:01  Terran Infantry Armor Level 2, Marine, Terran Infantry Weapons Level 2  
  127  9:02  Marine x3  
  130  9:03  SCV x2  
  130  9:05  Refinery  
  130  9:08  Supply Depot, Marine  
  132  9:12  Marine x2  
  132  9:15  Marine x2  
  133  9:18  Combat Shield  
  133  9:19  Marine  
  133  9:20  Marine  
  133  9:21  Marine  
  124  9:26  Marine  
  124  9:29  Marine  
  117  9:32  SCV x3  
  117  9:34  Marine x2  
  110  9:40  Marine x2  
  110  9:41  Marine  
  110  9:44  SCV x2  
  104  9:52  Medivac, Marine  
  107  9:53  Medivac  
  107  9:56  SCV  
  107  9:58  Terran Vehicle Weapons Level 1, Marine  
  111  10:01  Marine x2  
  111  10:02  Marine  
  111  10:05  Supply Depot  
  111  10:06  Marine  
  112  10:08  Marine  
  107  10:16  Marine  
  94  10:27  SCV x3, Missile Turret  
  97  10:30  Siege Tank  
  97  10:31  Sensor Tower  
  97  10:34  Marine x4  
  97  10:35  Marine  
  100  10:36  Orbital Command  
  100  10:37  Missile Turret  
  100  10:39  SCV x3, Marine  
  104  10:44  Refinery  
  104  10:47  Liberator  
  104  10:48  Liberator  
  107  10:51  SCV  
  107  10:56  Marine  
  109  10:59  Marine  
  109  11:02  Marine  
  105  11:04  Marine x2  
  105  11:07  Marine  
  105  11:09  Marine  
  98  11:14  Siege Tank  
  98  11:17  Marine  
  95  11:20  Marine  
  95  11:22  Marine  
  95  11:24  SCV  
  95  11:25  Marine  
  97  11:27  Marine  
  96  11:35  Marine  
  96  11:37  SCV, Terran Infantry Weapons Level 3  
  96  11:38  Marine  
  95  11:40  Marine  
  95  11:43  Marine  
  95  11:44  Marine  
  96  11:48  Barracks x2  
  96  11:52  Marine  
  81  11:56  Marine  
  81  11:57  SCV x2  
  81  11:58  Marine  
  81  12:00  Marine  
  76  12:01  Siege Tank  
  76  12:02  SCV  
  76  12:07  Marine  
  81  12:09  SCV x2  
  81  12:10  Medivac  
  81  12:12  Medivac  
  81  12:14  SCV  
  88  12:17  Marine  
  88  12:21  SCV, Marine x3  
  88  12:22  SCV  
  94  12:26  Refinery  
  94  12:27  SCV, Marine  
  96  12:34  SCV x2  
  96  12:35  Marine  
  96  12:36  Siege Tank  
  103  12:39  Marine  
  103  12:42  Marine  
  103  12:43  Marine  
  107  12:47  Liberator  
  107  12:49  Liberator  
  111  12:53  Marine  
  111  12:57  Marine  
  115  13:00  Marine  
  115  13:01  Marine  
  115  13:04  Barracks Reactor, Marine  
  114  13:06  Marine  
  114  13:09  Terran Infantry Armor Level 3  
  114  13:11  SCV x3, Marine  
  119  13:15  Marine  
  119  13:18  Marine  
  119  13:19  Marine  
  122  13:22  Marine, Siege Tank  
  122  13:23  SCV, Marine  
  128  13:29  Marine  
  128  13:31  Medivac  
  128  13:33  Marine  
  132  13:36  SCV, Marine  
  132  13:37  Marine  
  132  13:40  Marine x2  
  132  13:41  Marine x2  
  132  13:45  Supply Depot  
  132  13:46  Marine  
  132  13:47  Supply Depot  
  134  13:51  Marine  
  134  13:53  Liberator  
  134  13:54  Marine x2, Siege Tank  
  137  13:58  Marine x3  
  137  13:59  Marine  
  141  14:04  Marine  
  141  14:07  Supply Depot  
  141  14:09  Marine  
  143  14:12  Marine x2  
  143  14:16  Marine x3  
  139  14:17  Marine  
  139  14:22  Marine  
  139  14:27  Marine  
  139  14:29  Marine  
  139  14:30  Marine  
  140  14:33  Marine  
  140  14:34  Marine x2  
  140  14:35  Marine  
  140  14:38  SCV x2  
  144  14:39  SCV  
  144  14:40  Marine  
  144  14:44  Marine, Siege Tank  
  142  14:47  Marine  
  142  14:48  Marine  
  142  14:50  SCV x2  
  142  14:51  Marine  
  142  14:52  Marine x2  
  123  14:53  Marine  
  123  14:58  Marine  
  119  15:02  Marine  
  119  15:05  Marine  
  119  15:06  Marine  
  122  15:07  Medivac  
  122  15:09  Marine x2  
  122  15:10  Marine x2  
  122  15:12  Sensor Tower  
  122  15:13  Medivac  
  130  15:15  Marine  
  130  15:20  Marine  
  132  15:23  Marine x2  
  132  15:27  Marine x2  
Tags
 
Add a new tag
Caveats
  • Supply blocks, unpowered buildings, or Contaminate may cause inaccurate times.
  • Supply counts are checked every 10 seconds.